Map: Void Thrashing

Players

BunnyLove

  • Race: Terran Terran

DrWeird

  • Race: Zerg Zerg
  • Spawn Location: 6:00

VOD

Have the link to the VOD?

Description

Time

  • Played on: March 19, 2018, 2:27 p.m.
  • Length: 14:42
Show
View Real Time Build Order
Export as new Build Order

BunnyLove Terran 

Build Orders:  

Get SALT Encoding   

  12  0:05  Starport Tech Lab  
  12  0:09  SCV  
  13  0:25  SCV  
  13  0:27  Supply Depot  
  15  0:42  SCV  
  15  0:59  Assault Galleon  
  15  1:08  SCV  
  17  1:24  SCV  
  18  1:41  SCV  
  18  2:03  Command Center  
  18  2:05  SCV  
  20  2:22  SCV  
  20  2:28  Engineering Bay, Reaper  
  21  2:38  Reaper  
  21  2:39  SCV  
  23  2:48  Refinery  
  23  2:51  Refinery  
  23  2:54  Reaper  
  23  2:56  SCV  
  26  3:10  Supply Depot  
  26  3:13  SCV  
  27  3:30  SCV  
  27  3:42  Assault Galleon  
  27  3:47  SCV  
  28  4:04  Assault Galleon  
  28  4:05  Command Center  
  28  4:07  SCV  
  30  4:12  SCV  
  31  4:24  SCV  
  32  4:32  SCV  
  33  4:41  SCV  
  33  4:49  SCV  
  34  4:52  Assault Galleon  
  34  4:56  Supply Depot  
  34  4:58  SCV  
  35  5:08  SCV  
  36  5:15  SCV  
  37  5:25  SCV  
  39  5:32  SCV  
  39  5:33  Assault Galleon  
  39  5:36  Jetpack Overdrive  
  40  5:42  SCV  
  40  5:49  SCV  
  42  6:04  Supply Depot, SCV  
  42  6:06  SCV  
  45  6:21  SCV  
  45  6:22  Reaper x4  
  45  6:23  SCV  
  45  6:24  Theia Raven  
  51  6:32  Reaper x4  
  51  6:38  SCV  
  51  6:39  LE9 Cluster Charges  
  57  6:41  Supply Depot  
  57  6:43  SCV  
  57  6:44  Reaper  
  57  6:45  Reaper  
  57  6:48  Reaper  
  60  6:52  Reaper  
  60  6:54  Reaper  
  60  6:57  Reaper x2  
  64  7:12  Reaper  
  64  7:13  Reaper x3  
  64  7:15  Theia Raven  
  70  7:22  Reaper x2  
  70  7:23  Reaper  
  73  7:30  Reaper x2  
  73  7:32  Reaper  
  73  7:33  Reaper x2  
  74  7:40  Reaper  
  74  7:41  Reaper  
  74  7:48  Reaper x3  
  77  8:03  Reaper  
  77  8:04  Reaper  
  77  8:06  Reaper  
  77  8:07  Reaper x2  
  82  8:13  Reaper  
  82  8:14  Reaper  
  82  8:16  Reaper  
  82  8:17  Reaper x2  
  87  8:23  Reaper x2  
  87  8:26  Reaper  
  87  8:27  Reaper  
  87  8:28  Reaper  
  92  8:33  Reaper x2  
  92  8:36  Reaper x2  
  92  8:38  Reaper  
  97  8:43  Reaper  
  97  8:44  Supply Depot  
  97  8:47  Supply Depot  
  97  8:49  Reaper  
  99  8:59  Reaper  
  101  9:00  Reaper  
  101  9:02  Reaper x3  
  101  9:09  Reaper  
  106  9:10  Reaper  
  106  9:12  Reaper  
  106  9:17  Reaper  
  108  9:23  Reaper x2  
  109  9:31  Reaper x2  
  109  9:34  Reaper x2  
  108  10:11  Reaper  
  108  10:12  Reaper x2  
  108  10:13  SCV x2  
  112  10:20  Reaper x2  
  112  10:27  W.I.L.D. Missiles  
  112  10:29  Reaper x3  
  115  10:33  Reaper x2  
  115  10:39  Reaper x2  
  119  10:50  Reaper x2  
  119  10:51  Deimos Viking  
  128  11:01  Reaper x2  
  128  11:03  Reaper x2  
  128  11:04  Reaper  
  130  11:13  Reaper x4  
  130  11:15  Reaper  
  134  11:23  Reaper  
  134  11:29  Reaper x2  
  129  11:35  Reaper  
  129  11:36  Reaper  
  130  11:46  Reaper x3  
  130  11:48  Reaper  
  131  11:51  Reaper  
  131  11:56  Reaper x2  
  131  11:57  Reaper x2  
  133  12:01  Reaper  
  133  12:06  Reaper x2  
  133  12:07  Reaper x2  
  138  12:11  Reaper  
  138  12:15  Reaper  
  140  12:23  Supply Depot  
  134  12:30  Reaper, Supply Depot  
  134  12:31  Reaper x3  
  134  12:36  Reaper  
  139  12:40  Reaper  
  139  12:50  Reaper x2  
  139  13:03  Reaper  
  139  13:04  Reaper  
  139  13:08  Reaper x2  
  141  13:10  Reaper  
  141  13:13  Reaper  
  141  13:14  Reaper  
  133  13:21  Reaper  
  133  13:22  Reaper x2  
  133  13:23  Reaper  
  133  13:24  Reaper  
  132  13:31  Reaper  
  132  13:32  Reaper x2  
  132  13:33  Reaper x2  
  129  13:41  Reaper  
  129  13:42  Reaper x2  
  129  13:43  Reaper x2  
  132  13:51  Reaper  
  132  13:52  Reaper x2  
  132  13:53  Reaper  
  132  13:57  Reaper  
  132  13:59  Deimos Viking  
  135  14:01  Reaper x2  
  135  14:08  Reaper x2  
  127  14:13  Reaper  
  121  14:22  Reaper x2  
  121  14:25  Reaper x2  
Show
View Real Time Build Order
Export as new Build Order

DrWeird Zerg 

Build Orders:  

Get SALT Encoding   

  11  2:10  Drone  
  11  2:11  Drone x2  
  11  2:14  Overlord  
  14  2:49  Drone  
  15  2:50  Drone x3  
Tags
 
Add a new tag
Caveats
  • Supply blocks, unpowered buildings, or Contaminate may cause inaccurate times.
  • Supply counts are checked every 10 seconds.